 Dungeon Crawl Stone Soup version 0.23.2-33-g5129a83184 (webtiles) character file.

Game seed: 17711516873721370348

463 psyvane the Stinger (level 7, -2/46 HPs)
             Began as a Merfolk Venom Mage on June 30, 2019.
             Was an Initiate of Sif Muna.
             Slain by Grinder (6 damage)
             ... while paralysed by Grinder
             ... on level 4 of the Dungeon.
             The game lasted 00:21:59 (5299 turns).

psyvane the Stinger (Merfolk Venom Mage)            Turns: 5299, Time: 00:21:59

Health: -2/46      AC:  5    Str:  9    XL:     7   Next: 7%
Magic:  17/21      EV:  2    Int: 16    God:    Sif Muna [......]
Gold:   192        SH:  0    Dex: 14    Spells: 7/13 levels left

rFire    + . .     SeeInvis .   b - +0 spear
rCold    . . .     Gourm    .   (no shield)
rNeg     . . .     Faith    .   m - +1 leather armour {rF+}
rPois    .         Spirit   .   d - +0 helmet
rElec    .         Reflect  .   (no cloak)
rCorr    .         Harm     .   (no gloves)
MR       .....                  (no boots)
Stlth    ++........             (no amulet)
HPRegen  0.15/turn              g - ring of magical power
MPRegen  0.17/turn              (no ring)

@: paralysed
A: change form in water, swift swim, stealthy swim
a: Renounce Religion


You were on level 4 of the Dungeon.
You worshipped Sif Muna.
Sif Muna was noncommittal.
You were hungry.

You visited 1 branch of the dungeon, and saw 4 of its levels.

You collected 192 gold pieces.

Inventory:

Hand Weapons
 b - a +0 spear (weapon)
Armour
 a - a +0 robe
 d - a +0 helmet (worn)
 m - a +1 leather armour of fire resistance (worn)
 s - the +1 leather armour "Haddous" {Regen+ Str+4 Dex-5}
   (You found it on level 4 of the Dungeon)

   It affects your strength (+4).
   It affects your dexterity (-5).
   It increases your rate of regeneration.
 t - the cursed +0 cloak "Jyuveoma" {-Cast Str+3 Slay+3}
   (You found it on level 4 of the Dungeon)

   It affects your strength (+3).
   It affects your accuracy and damage with ranged weapons and melee attacks
   (+3).
   It prevents spellcasting.
   It has a curse placed upon it.
Jewellery
 g - a ring of magical power (left hand)
Wands
 o - a wand of flame (7)
 u - a wand of digging (3)
Scrolls
 e - a scroll of identify
 f - a scroll of teleportation
 k - a scroll of magic mapping {unknown}
 l - 2 scrolls of fear {unknown}
 q - a scroll of blinking {unknown}
Potions
 h - a potion of flight {unknown}
 i - a potion of berserk rage {unknown}
 j - 4 potions of curing {unknown}
 n - 2 potions of might
 p - a potion of haste {unknown}
 r - a potion of heal wounds {unknown}
Comestibles
 c - 8 rations


   Skills:
 * Level 3.7 Polearms
 - Level 2.6 Dodging
 * Level 3.3 Stealth
 - Level 3.9 Spellcasting
 * Level 2.2 Conjurations
 * Level 5.4 Poison Magic
 + Level 0.1 Evocations


You had 7 spell levels left.
You knew the following spells:

 Your Spells              Type           Power        Failure   Level  Hunger
a - Sting                 Conj/Pois      ###.         4%          1    None
b - Mephitic Cloud        Conj/Pois/Air  ##......     26%         3    ###....
c - Poisonous Vapours     Pois/Air       ##....       12%         2    ##.....

Your spell library contained the following spells:

 Spells                   Type           Power        Failure   Level  Hunger
 Olgreb's Toxic Radiance  Pois           ###.....     26%         4    ####...
 Venom Bolt               Conj/Pois      ###.......   80%         5    ######.


Dungeon Overview and Level Annotations

Branches:
Dungeon (4/15)
 Temple: D:4-7

Altars:
Okawaru
Sif Muna
Vehumet

Annotations:
D:3 1 transporter, Feetnoise's ghost, amateur HOBe
D:4 Grinder


Message History

You hit Grinder but do no damage.
Grinder is lightly wounded.
Grinder hits you!
You writhe in agony.
You are too injured to fight recklessly!
You are too injured to fight recklessly!
You are too injured to fight recklessly!
You are too injured to fight recklessly!
Casting: Sting (safe; 4% risk of failure)
Confirm with . or Enter, or press ? or * to list all spells.
You can't see any susceptible monsters within range! (Use Z to cast anyway.) Unknown command.
Grinder gestures at you.
You suddenly lose the ability to move!
Grinder hits you!
You writhe in agony.
* * * LOW HITPOINT WARNING * * *
Grinder hits you but does no damage. x3
Grinder hits you!
* * * LOW HITPOINT WARNING * * *
You writhe in agony.
You die...

# ##......##.######## .
##.......##.#......# ..
##........##.#......###..
...#......##.#.........
...#......# .#.......#
##...####.# .#.......#
##...###.##.#.......####
##.........###5##.....#
#..###.#.## #@##.###.# .
#...# #.#.# #.##.# ..
......# #...####.##.# #
......# ##.......##.#
####### #.#######..#
#.#######.## #.........#
###########


You could see Grinder.

Vanquished Creatures
  A bullfrog (D:3)
  A scorpion (D:4)
  A hound (D:4)
  A centaur skeleton (D:3)
  3 orc wizards (D:4)
  2 worker ants (D:4)
  6 adders
  An ooze (D:3)
  2 worms (D:3)
  2 dart slugs
  2 leopard geckos
  10 orcs
  6 bats
  3 giant cockroaches
  9 goblins
  A hobgoblin (D:2)
  13 jackals
  10 kobolds
  A quokka (D:3)
  2 ball pythons
  3 frilled lizards
  14 rats
94 creatures vanquished.

Notes
Turn   | Place    | Note
-------+----------+-------------------------------------------
     0 | D:1      | psyvane the Merfolk Venom Mage began the quest for the Orb.
     0 | D:1      | Reached XP level 1. HP: 13/13 MP: 3/3
   270 | D:1      | Reached XP level 2. HP: 19/19 MP: 3/5
   280 | D:1      | You fall through a shaft!
   459 | D:2      | Reached skill level 1 in Polearms
   791 | D:1      | Reached skill level 4 in Poison Magic
   791 | D:1      | Reached XP level 3. HP: 24/24 MP: 3/6
   796 | D:1      | Learned a level 3 spell: Mephitic Cloud
   799 | D:1      | Learned a level 2 spell: Poisonous Vapours
  1714 | D:2      | Found a deep blue altar of Sif Muna.
  1787 | D:2      | Reached XP level 4. HP: 30/30 MP: 7/7
  1880 | D:2      | Found a faded altar of an unknown god.
  2419 | D:3      | Found a deep blue altar of Sif Muna.
  2679 | D:3      | Reached skill level 1 in Conjurations
  2893 | D:3      | Reached XP level 5. HP: 12/35 MP: 9/9
  3644 | D:3      | Found a radiant altar of Vehumet.
  3925 | D:3      | Noticed Feetnoise's ghost (amateur HOBe)
  3926 | D:3      | Found a transporter.
  3927 | D:3      | Noticed an ogre
  3933 | D:3      | Found a transporter.
  4133 | D:3      | Became a worshipper of Sif Muna the Loreminder
  4150 | D:4      | Reached XP level 6. HP: 36/41 MP: 9/11
  4287 | D:4      | Got a shimmering leather armour
  4288 | D:4      | Identified the +1 leather armour "Haddous" {Regen+ Str+4
                  | Dex-5} (You found it on level 4 of the Dungeon)
  4781 | D:4      | Reached skill level 5 in Poison Magic
  4910 | D:4      | Found an iron altar of Okawaru.
  4979 | D:4      | Got a pitted cloak
  4980 | D:4      | Identified the cursed +0 cloak "Jyuveoma" {-Cast Str+3
                  | Slay+3} (You found it on level 4 of the Dungeon)
  5076 | D:4      | Reached XP level 7. HP: 46/46 MP: 12/12
  5281 | D:4      | Noticed Grinder
  5293 | D:4      | Paralysed by Grinder for 7 turns
  5299 | D:4      | Slain by Grinder

Skill      XL: |  1  2  3  4  5  6 |
---------------+-------------------+-----
Polearms       | 1 2 3 |  3.7
Poison Magic   | 4 5 |  5.4
Conjurations   | 1 2 |  2.2
Spellcasting   | 3 |  3.9
Stealth        | 3 |  3.3
Dodging        | |  2.6
Evocations     | |  0.1

Action                   |  1- 3 |  4- 6 |  7- 9 || total
-------------------------+-------+-------+-------++-------
Melee: Spear             |    32 |    66 |     3 ||   101
 Cast: Sting             |    47 |   107 |     9 ||   163
       Poisonous Vapours |     8 |    26 |     3 ||    37
Evoke: Wand              |       |     1 |       ||     1
  Use: Scroll            |     1 |     4 |       ||     5
 Stab: Sleeping          |     1 |       |       ||     1
  Eat: Chunk             |     4 |    12 |       ||    16
Armor: Robe              |    10 |    20 |       ||    30
       Leather armour    |       |     4 |     4 ||     8
Dodge: Dodged            |    28 |    77 |     3 ||   108
